Map: [ESL] Data-C

Players

Zoun - Winner!

  • Race: Protoss Protoss
  • Spawn Location: 3:00

marcj (uThermal)

  • Race: Terran Terran
  • League: Master
  • Spawn Location: 9:00

Event: HomeStory Cup XXI

VOD

Have the link to the VOD?

Description

Time

  • Played on: July 23, 2022, 12:38 p.m.
  • Length: 12:36

All games in this series

Show
View Real Time Build Order
Export as new Build Order

Zoun Protoss - Winner!

Build Orders: 1 Gate Expand, Oracle Opening 

Get SALT Encoding   

  12  0:00  Probe  
  13  0:12  Probe  
  14  0:19  Pylon  
  14  0:24  Probe  
  15  0:37  Probe (Chrono Boost)  
  15  0:39  Gateway  
  16  0:46  Probe (Chrono Boost)  
  16  0:49  Assimilator  
  17  0:51  Probe (Chrono Boost)  
  18  1:03  Probe  
  19  1:15  Probe  
  20  1:25  Cybernetics Core  
  20  1:36  Nexus  
  20  1:39  Probe  
  21  1:47  Pylon  
  21  1:51  Probe  
  22  1:55  Assimilator  
  22  2:02  Adept (Chrono Boost)  
  22  2:04  Probe  
  25  2:16  Probe  
  26  2:23  Stargate  
  26  2:27  Adept  
  26  2:28  Probe  
  29  2:36  Warp Gate  
  29  2:41  Probe (Chrono Boost)  
  30  2:48  Probe (Chrono Boost)  
  31  2:53  Probe (Chrono Boost)  
  31  2:57  Adept  
  31  2:58  Probe (Chrono Boost)  
  35  2:59  Probe (Chrono Boost)  
  35  3:05  Probe  
  36  3:07  Probe, Oracle (Chrono Boost)  
  41  3:17  Probe  
  41  3:19  Pylon  
  42  3:24  Probe  
  43  3:29  Probe  
  43  3:30  Gateway  
  43  3:33  Gateway  
  44  3:40  Twilight Council  
  44  3:45  Probe x2  
  46  3:57  Probe x2  
  48  4:08  Blink (Chrono Boost)  
  48  4:09  Probe x2  
  50  4:15  Assimilator  
  50  4:21  Probe  
  50  4:23  Pylon  
  51  4:25  Stalker  
  51  4:28  Pylon  
  51  4:31  Nexus  
  53  4:35  Probe  
  54  4:41  Probe  
  54  4:42  Gateway  
  54  4:44  Stalker x2  
  59  4:48  Stalker  
  59  4:49  Probe  
  62  4:55  Forge  
  62  5:04  Probe x2  
  64  5:09  Pylon  
  64  5:12  Stalker x2  
  68  5:16  Stalker  
  68  5:17  Protoss Shields Level 1 (Chrono Boost)  
  70  5:24  Pylon  
  70  5:27  Probe x2  
  72  5:37  Stalker x2  
  72  5:38  Charge (Chrono Boost)  
  72  5:39  Probe  
  72  5:41  Probe  
  78  5:47  Probe  
  77  5:54  Stalker x2  
  79  5:58  Gateway  
  79  5:59  Gateway  
  79  6:04  Probe x2  
  79  6:05  Probe  
  79  6:07  Gateway  
  82  6:14  Stalker x2  
  86  6:28  Gateway  
  86  6:29  Sentry, Zealot  
  86  6:30  Gateway  
  90  6:33  Shield Battery  
  90  6:38  Pylon  
  90  6:39  Pylon  
  88  6:41  Stalker x2, Shield Battery  
  92  6:48  Pylon  
  92  6:49  Pylon, Zealot  
  92  6:51  Pylon  
  94  7:01  Zealot x4  
  94  7:05  Zealot x2  
  104  7:10  Zealot  
  106  7:21  Zealot x4  
  104  7:23  Probe x3  
  107  7:34  Zealot x4  
  115  7:40  Protoss Ground Weapons Level 1  
  115  7:42  Probe x3, Robotics Facility  
  115  7:43  Assimilator  
  118  7:46  Zealot x4  
  122  7:59  Zealot x4  
  117  8:08  Zealot x5  
  123  8:17  Probe  
  104  8:26  Zealot x3  
  104  8:27  Zealot  
  104  8:29  Pylon  
  104  8:32  Observer  
  104  8:33  Probe  
  106  8:38  Robotics Bay  
  106  8:39  Nexus, Zealot x3  
  112  8:48  Pylon  
  112  8:52  Sentry  
  112  8:53  Zealot x4  
  122  9:00  Immortal (Chrono Boost)  
  122  9:02  Zealot  
  128  9:04  Sentry x2  
  130  9:13  Zealot x4  
  130  9:17  Zealot  
  129  9:23  Zealot x2  
  123  9:30  Zealot x2  
  119  9:34  Zealot x3  
  109  9:38  Sentry  
  109  9:39  Observer, Sentry  
  109  9:45  Colossus (Chrono Boost)  
  107  10:07  Nexus  
  104  10:11  Sentry x2  
  104  10:12  Sentry, Zealot  
  112  10:15  Zealot  
  114  10:25  Extended Thermal Lance  
  114  10:26  Stalker, Colossus (Chrono Boost)  
  114  10:27  Sentry  
  122  10:45  Phoenix  
  122  10:48  Stalker x3  
  128  10:55  Observer  
  128  10:57  Stalker x2  
  132  11:12  Nexus, Pylon  
  132  11:19  Colossus (Chrono Boost)  
  132  11:22  Observer  
  138  11:36  Shield Battery  
  138  11:37  Stalker x3  
  142  11:44  Stalker x3  
  148  11:51  Zealot x2  
  152  11:56  Zealot  
  154  12:07  Zealot x2  
  152  12:12  Zealot x2  
  156  12:21  Zealot x3  
  144  12:25  Zealot x2  
Show
View Real Time Build Order
Export as new Build Order

marcj Terran 

Build Orders:  

Get SALT Encoding   

  12  0:00  SCV  
  13  0:12  SCV  
  14  0:17  Supply Depot  
  14  0:24  SCV  
  15  0:39  SCV  
  15  0:40  Barracks  
  16  0:45  Refinery  
  16  0:51  SCV  
  17  1:03  SCV  
  18  1:15  SCV  
  19  1:27  Marine  
  19  1:28  Orbital Command  
  20  1:46  Barracks Reactor  
  20  1:52  Command Center  
  20  1:55  SCV  
  21  2:06  Supply Depot  
  21  2:07  SCV  
  22  2:15  Barracks  
  22  2:19  SCV  
  23  2:27  Marine x2  
  25  2:30  Bunker  
  25  2:32  SCV  
  26  2:45  SCV, Marine x2  
  29  2:57  SCV  
  29  2:58  Factory  
  30  3:03  Orbital Command  
  30  3:04  Marine  
  31  3:07  Marine  
  31  3:09  Barracks Tech Lab  
  31  3:12  SCV  
  33  3:23  Marine  
  33  3:24  SCV  
  33  3:25  Marine  
  36  3:28  Marine  
  36  3:29  Stimpack  
  36  3:30  SCV  
  38  3:36  SCV  
  38  3:37  Supply Depot  
  39  3:41  Marine  
  39  3:43  Barracks, Marine  
  39  3:45  Factory Tech Lab  
  39  3:46  Marine  
  42  3:48  SCV  
  42  3:50  SCV  
  44  3:55  Refinery  
  44  4:01  Supply Depot  
  43  4:04  Marine  
  43  4:05  SCV  
  43  4:07  SCV  
  43  4:09  Marine x2  
  48  4:17  SCV, Factory Reactor  
  48  4:18  Starport  
  48  4:21  SCV  
  48  4:22  Marine  
  51  4:27  Marine x2  
  51  4:28  Engineering Bay  
  51  4:29  SCV  
  54  4:33  SCV  
  54  4:36  Supply Depot  
  55  4:39  Marine  
  55  4:41  SCV  
  55  4:44  Marine, Supply Depot  
  58  4:45  SCV  
  59  4:53  SCV  
  59  4:54  Marauder  
  59  4:57  Terran Infantry Weapons Level 1  
  59  4:58  SCV, Marine  
  64  5:03  Refinery, Factory Reactor, Marine, Marauder  
  64  5:05  SCV  
  67  5:11  SCV  
  67  5:13  Combat Shield, Supply Depot  
  68  5:15  Marine x2  
  68  5:18  SCV  
  68  5:20  Refinery, Marine  
  72  5:22  Medivac  
  72  5:24  SCV  
  72  5:26  Marine  
  76  5:30  SCV, Supply Depot  
  76  5:35  Medivac  
  79  5:36  Marine x2  
  79  5:37  SCV  
  79  5:41  Marine, Concussive Shells  
  83  5:44  SCV, Marine  
  80  5:54  Marine, Marauder  
  80  5:56  Medivac  
  83  5:57  Barracks  
  83  5:58  Barracks  
  83  5:59  Marine  
  83  6:02  Widow Mine x2  
  88  6:05  Supply Depot  
  88  6:07  Marine  
  88  6:11  Medivac  
  91  6:18  Supply Depot  
  90  6:22  Marine x2, Marauder  
  94  6:25  Marauder  
  94  6:27  Widow Mine x2  
  94  6:31  Supply Depot  
  97  6:39  Medivac  
  98  6:41  Medivac  
  98  6:44  Marine x2  
  102  6:48  Missile Turret x2  
  102  6:50  Barracks Tech Lab  
  102  6:51  Barracks Reactor  
  102  6:53  Supply Depot  
  102  6:56  Terran Infantry Armor Level 1  
  102  6:57  Marine  
  100  7:02  Widow Mine x2  
  100  7:07  Marine, Marauder  
  106  7:08  Marine  
  104  7:21  Marine  
  104  7:22  Marauder  
  101  7:24  Widow Mine x2  
  101  7:25  Marine  
  101  7:29  Marine x2, Marauder  
  110  7:34  Marine  
  111  7:40  Marauder  
  111  7:42  Marine  
  111  7:43  Marauder  
  116  7:45  Widow Mine x2  
  116  7:47  Marine x2  
  116  7:50  Marine  
  108  8:06  Widow Mine  
  108  8:07  Widow Mine  
  108  8:09  Marine, Marauder x2  
  112  8:15  Marine, Marauder  
  112  8:16  SCV  
  112  8:17  SCV  
  104  8:22  Marine x2  
  104  8:26  Marine  
  97  8:28  Widow Mine x2  
  97  8:30  Marine  
  97  8:31  Marauder  
  97  8:32  Marine  
  106  8:36  Marine  
  106  8:40  Marine x2  
  109  8:44  Marine  
  109  8:47  Medivac  
  112  8:48  Marauder  
  112  8:49  Widow Mine  
  112  8:50  Marine  
  112  8:52  Marine  
  112  8:54  Widow Mine  
  120  9:00  Marine  
  120  9:01  Marauder  
  121  9:14  Marine  
  121  9:15  Marine, Marauder x2  
  114  9:17  Medivac  
  114  9:23  Medivac  
  86  9:38  Marine x2  
  86  9:39  Marauder x2  
  92  9:45  Widow Mine  
  92  9:47  Marine, Medivac  
  89  9:52  Marine  
  89  9:56  Marine x2  
  89  9:57  Widow Mine  
  96  10:04  Marine  
  96  10:05  Marine  
  97  10:10  Marine  
  92  10:15  SCV x2  
  92  10:16  Ghost Academy  
  94  10:22  Marine x2  
  94  10:27  SCV x2  
  98  10:30  Marine  
  98  10:31  Marauder  
  101  10:39  SCV  
  100  10:43  SCV  
  100  10:46  Ghost x2  
  105  10:51  SCV  
  105  10:56  SCV  
  105  10:58  Marine  
  105  10:59  Marine, Marauder  
  105  11:03  SCV  
  110  11:11  Marine  
  110  11:15  Ghost, Marine  
  110  11:16  SCV  
  115  11:19  Marine  
  115  11:22  SCV  
  117  11:28  Marine  
  117  11:29  Marine, Marauder  
  121  11:42  Marine  
  121  11:43  Ghost  
  126  11:47  Marauder  
  125  11:57  Viking  
  126  12:07  Marine  
  126  12:08  Marauder  
Tags
 
Add a new tag
Caveats
  • Supply blocks, unpowered buildings, or Contaminate may cause inaccurate times.
  • Supply counts are checked every 10 seconds.